 Dungeon Crawl Stone Soup version 0.29.1-2-gbd0b4ee654 (webtiles) character file.

Game seed: 2584295111803372577

1372 GorkyZ the Shield-Bearer (level 8, -6/63 HPs)
             Began as a Formicid Fighter on Nov 21, 2022.
             Mangled by Psyche
             ... wielding a +2 dagger of distortion
              (16 damage)
             ... on level 8 of the Dungeon.
             The game lasted 00:21:19 (6435 turns).

GorkyZ the Shield-Bearer (Formicid Fighter)         Turns: 6435, Time: 00:21:19

Health: -6/63      AC: 20    Str: 24    XL:     8   Next: 98%
Magic:  0/8        EV: 10    Int:  7    God:
Gold:   319        SH:  0    Dex: 13    Spells: 7/7 levels left

rFire   . . .      SeeInvis +   a - +0 quarterstaff
rCold   . . .      Faith    .   y - +0 kite shield
rNeg    + . .      Spirit   +   t - +1 scale mail {rN+}
rPois   .          Reflect  .   (helmet unavailable)
rElec   .          Harm     .   K - +1 cloak
rCorr   .          Rampage  .   (no gloves)
Will    .....                   w - +1 pair of boots
Stlth   ..........              s - amulet of guardian spirit
HPRegen 0.20/turn               P - +4 ring of protection
MPRegen 0.11/turn               B - +4 ring of protection

@: confused
A: permanent stasis, dig shafts and tunnels, antennae 3, four strong arms
a: Dig, Shaft Self


You were on level 8 of the Dungeon.
You visited 1 branch of the dungeon, and saw 10 of its levels.

You collected 452 gold pieces.
You spent 133 gold pieces at shops.

Inventory:

Hand Weapons
 a - a +0 quarterstaff (weapon)
 G - a +0 hand axe
 R - a +0 whip
Missiles
 k - 4 poisoned darts
 l - 58 stones
 H - 3 boomerangs (quivered)
Armour
 b - a +0 scale mail
 c - a +0 buckler
 n - a +0 ring mail
 t - a +1 scale mail of positive energy (worn)
 w - a +1 pair of boots (worn)
 y - a +0 kite shield (worn)
 I - a +0 cloak
 K - a +1 cloak (worn)
Jewellery
 h - a ring of positive energy
 i - a ring of ice
 s - an amulet of guardian spirit (around neck)
 B - a +4 ring of protection (right hand)
 E - a ring of magical power
 N - an amulet of magic regeneration
 P - a +4 ring of protection (left hand)
Wands
 J - a wand of flame (34)
 Q - a wand of polymorph (7)
Scrolls
 f - 2 scrolls of enchant weapon {unknown}
 g - 2 scrolls of blinking {unknown}
 j - 2 scrolls of magic mapping {unknown}
 m - 4 scrolls of identify {unknown}
 o - 2 scrolls of noise {unknown}
 q - 3 scrolls of amnesia {unknown}
 v - a scroll of summoning {unknown}
 C - a scroll of poison {unknown}
 L - 5 scrolls of teleportation {unknown}
Potions
 d - 4 potions of might
 e - 5 potions of curing {unknown}
 p - a potion of resistance {unknown}
 r - a potion of degeneration {unknown}
 u - 2 potions of magic {unknown}
 x - a potion of mutation {unknown}
 z - 5 potions of attraction {unknown}
 A - a potion of flight {unknown}
 D - a potion of brilliance {unknown}
 F - 2 potions of haste {unknown}
 M - a potion of cancellation {unknown}
 O - 4 potions of heal wounds {unknown}


   Skills:
 + Level 5.5 Fighting
 + Level 4.3 Staves
 + Level 3.6 Throwing
 + Level 5.3 Armour
 + Level 3.1 Dodging
 + Level 6.4 Shields
 + Level 3.9 Evocations


You had 7 spell levels left.
You didn't know any spells.
Your spell library contained the following spells:

 Spells                   Type           Power      Damage    Failure   Level
 Summon Small Mammal      Summ           0%         N/A       92%         1
 Call Canine Familiar     Summ           0%         N/A       100%        3
 Ignite Poison            Fire/Tmut/Pois 0%         N/A       100%        3
 Mephitic Cloud           Conj/Pois/Air  0%         N/A       100%        3
 Summon Guardian Golem    Hex/Summ       0%         N/A       100%        3
 Freezing Cloud           Conj/Ice/Air   0%         6-21      100%        5


Dungeon Overview and Level Annotations

Branches:
Dungeon (10/15)              Lair (0/5) D:9
 Temple: D:4-7          Orc: D:9-12

Altars:
Dithmenos
Fedhas
Hepliaklqana
Okawaru
Sif Muna
Trog

Shops:
D:2 [

Annotations:
D:8 2 transporters, Psyche


Innate Abilities, Weirdness & Mutations

You cannot be hasted, slowed, berserked, paralysed or teleported.
You can dig through walls and to a lower floor.
You have a pair of large antennae on your head. (SInv)
Your four strong arms can wield two-handed weapons with a shield.


Message History

You hit Psyche but do no damage.
You feel sick. Psyche hits you but does no damage.
Space warps horribly around you!
You miss Psyche.
You feel sick. Psyche gestures at you while chanting.
You resist with some effort. Psyche closely misses you.
You sock Psyche!
Psyche is moderately wounded.
You feel sick.
Psyche points at you and mumbles some strange words.
You resist with some effort.
You closely miss Psyche.
Psyche is moderately wounded.
You feel sick.
You are no longer poisoned.
You block Psyche's attack. Psyche closely misses you.
You sock Psyche!
Psyche is severely wounded.
You block Psyche's attack. Psyche hits you but does no damage.
Space warps horribly around you!
* * * LOW HITPOINT WARNING * * *
You sock Psyche!
Psyche is almost dead.
You block Psyche's attack.
You barely miss Psyche.
Psyche is almost dead.
Psyche hits you but does no damage. Space warps around you.
* * * LOW HITPOINT WARNING * * *
Psyche barely misses you.
You completely miss Psyche.
Psyche is almost dead.
Psyche mumbles some strange words.
A swirling arc of seething chaos appears!
The arc of chaos hits you but does no damage.
You are confused.
You miss Psyche.
Psyche is almost dead.
Psyche casts a spell at you. You resist with some effort.
Psyche hits you but does no damage. Space warps horribly around you!!
You die...

###### ##8....
#©.....##
##......#
#©......#
#8.....# ##©#©##
#@# # #8...8# #@#
#####.....# ##.#
...##.....# #..#
...##.$...# #.##
...##..... ###.#
#...#.#.#####...#
..........@...###
##.##.......###


You could see Psyche (invisible).

Vanquished Creatures
  A hornet (D:8)
  A sky beast (D:6)
  An ogre (D:5)
  A phantom (D:5)
  A kobold brigand (D:7)
  A gnoll sergeant (D:6)
  2 scorpions (D:6)
  A necrophage (D:5)
  3 howler monkeys
  A jelly (D:5)
  3 hounds
  An orc priest (D:6)
  Natasha (D:4)
  An iguana (D:4)
  4 orc wizards
  9 gnolls
  7 adders
  A shadow imp (D:4)
  An ufetubus (D:5)
  4 worms
  2 dart slugs
  18 orcs
  6 bats
  4 endoplasms
  12 goblins
  7 hobgoblins
  3 jackals (D:1)
  6 kobolds
  3 quokkas
  9 ball pythons
  5 frilled lizards
  8 rats
128 creatures vanquished.

Notes
Turn   | Place    | Note
-------+----------+-------------------------------------------
     0 | D:1      | GorkyZ the Formicid Fighter began the quest for the Orb.
     0 | D:1      | Reached XP level 1. HP: 18/18 MP: 1/1
    76 | D:1      | Found a faded altar of an unknown god.
   155 | D:1      | Reached XP level 2. HP: 17/24 MP: 2/2
   395 | D:1      | Reached XP level 3. HP: 24/29 MP: 3/3
  1223 | D:2      | Reached skill level 1 in Throwing
  1235 | D:2      | Reached skill level 1 in Evocations
  1235 | D:2      | Reached XP level 4. HP: 28/36 MP: 4/4
  1378 | D:2      | You fall into a shaft and drop 2 floors!
  1407 | D:4      | Reached skill level 1 in Dodging
  1769 | D:2      | Found a shimmering blue altar of Sif Muna.
  1909 | D:2      | Reached XP level 5. HP: 42/42 MP: 5/5
  1999 | D:2      | Found Xas Hiez's Antique Armour Shoppe.
  2024 | D:2      | Bought a shiny scale mail for 133 gold pieces
  2406 | D:3      | Found a hazy altar of Hepliaklqana.
  2784 | D:3      | Found a shadowy altar of Dithmenos.
  3162 | D:4      | Reached XP level 6. HP: 44/48 MP: 4/6
  3427 | D:4      | Reached skill level 5 in Shields
  3433 | D:4      | Noticed Natasha
  3442 | D:4      | Killed Natasha
  3923 | D:4      | Found a blossoming altar of Fedhas.
  3923 | D:4      | Found a bloodstained altar of Trog.
  4029 | D:5      | Entered Level 5 of the Dungeon
  4038 | D:5      | Reached XP level 7. HP: 41/55 MP: 5/7
  4652 | D:5      | Reached XP level 8. HP: 61/61 MP: 8/8
  5135 | D:6      | Reached skill level 5 in Fighting
  5379 | D:6      | Reached skill level 6 in Shields
  5406 | D:6      | Reached skill level 5 in Armour
  5916 | D:7      | You fall into a shaft and drop 3 floors!
  5916 | D:10     | Entered Level 10 of the Dungeon
  5920 | D:10     | Found an iron altar of Okawaru.
  6218 | D:10     | Noticed a troll
  6316 | D:9      | Found a staircase to the Lair.
  6336 | D:8      | Noticed Psyche
  6360 | D:8      | Noticed a two-headed ogre
  6399 | D:8      | Noticed a hornet
  6402 | D:8      | Found a transporter.
  6418 | D:8      | Found a transporter.
  6425 | D:8      | Killed a hornet
  6435 | D:8      | Mangled by Psyche

Illustrated notes

Levels and vault maps discovered:
D:1:      zelgadis_glass_arrival_small, layout_basic,
          hellmonk_ecumenical_altar_inner_sanctum, minmay_misc_feat_square,
          corner_web_ring
D:2:      layout_rooms, basic_altar, serial_shops, shop_coins, minmay_between
D:3:      layout_basic, worldfamousw_hep_ancestral_shrine,
          mainiacjoe_overflow_tiny_flanked
D:4:      layout_gridville, gammafunk_temple_overflow_elements, uniq_natasha
D:5:      layout_cave_pools
D:6:      layout_gridville
D:7:      layout_rooms, nicolae_overflow_squiral,
          minmay_temple_entry_large_hall, wad_mini_maze
D:8:      layout_rooms, nicolae_transporter_intersection, uniq_psyche
D:9:      layout_irregular_city, zin_scriptorium,
          mainiacjoe_overflow_surrounded_room, lair_entry_dummy,
          nzn_sisyphean_effort
D:10:     layout_gridville, lightli_temple_of_fire, okawaru_trees_2,
          lemuel_tele_altar, hiddenorc1_lemuel

Skill      XL: |  1  2  3  4  5  6  7  8 |
---------------+-------------------------+-----
Throwing       | 1 2 3 |  3.6
Evocations     | 1 2 3 |  3.9
Dodging        | 1 2 3 |  3.1
Fighting       | 4 5 |  5.5
Armour         | 4 5 |  5.3
Shields        | 5 6 |  6.4
Staves         | 3 4 |  4.3

Action                   |  1- 3 |  4- 6 |  7- 9 || total
-------------------------+-------+-------+-------++-------
Melee: Quarterstaff      |    78 |   258 |   240 ||   576
       Unarmed           |       |       |     4 ||     4
Throw: Stone             |       |     3 |       ||     3
       Boomerang         |       |       |     4 ||     4
 Abil: Shaft Self        |       |       |     1 ||     1
Armor: Scale mail        |    43 |   135 |   174 ||   352
       Skin              |       |       |     4 ||     4
Dodge: Dodged            |    37 |   129 |   144 ||   310
Block: Buckler           |    24 |    22 |       ||    46
       Kite shield       |       |    91 |   183 ||   274
